 Dungeon Crawl Stone Soup version 0.17-a0-1644-g9c114d1 (webtiles) character file.

225 Kragnog the Shield-Bearer (level 5, 0/50 HPs)
             Began as a Deep Dwarf Fighter on Aug 8, 2015.
             Killed by divine providence
             ... invoked by an orc priest
              (10 damage)
             ... on level 4 of the Dungeon on Sept 14, 2015.
             The game lasted 00:18:06 (2359 turns).

Kragnog the Shield-Bearer (Deep Dwarf Fighter)      Turns: 2359, Time: 00:18:06

Health: 0/50       AC: 11    Str: 20      XL:     5   Next: 68%
Magic:  5/5        EV:  7    Int:  7 (9)  God:
Gold:   129        SH:  0    Dex: 12      Spells: 0 memorised, 4 levels left

rFire  . . .     SeeInvis .     s - +0 whip
rCold  . . .     Clarity  .     b - +0 scale mail
rNeg   . . .     SustAt   .     c - +0 shield
rPois  .         Gourm    .     h - +0 helmet
rElec  .         Spirit   .     (no cloak)
rCorr  .         Warding  .     i - +1 pair of gloves
rMut   .         Stasis   .     k - +0 pair of boots
MR     .....                    (no amulet)
Stlth  ..........               (no ring)
                                (no ring)

@: confused, lethally poisoned (0 -> 0), non-regenerating, not resistant to
hostile enchantments, extremely unstealthy
A: damage resistance, recharge devices, sense surroundings 1, slow healing 3
a: Device Recharging


You were on level 4 of the Dungeon.
You were not hungry.

You visited 1 branch of the dungeon, and saw 4 of its levels.

You collected 129 gold pieces.

Inventory:

Hand weapons
 a - a +0 flail
 d - a +0 halberd
 g - a +0 spear
 j - a +0 mace
 n - a +0 hand axe
 s - a +0 whip (weapon)
 y - a +0 hand axe
 z - a +0 battleaxe
 F - a cursed -2 flail
Armour
 b - a +0 scale mail (worn)
 c - a +0 shield (worn)
 h - a +0 helmet (worn)
 i - a +1 pair of gloves (worn)
 k - a +0 pair of boots (worn)
 r - a +0 helmet
Magical staves
 v - a cursed staff of conjuration {unknown}
Magical devices
 e - a wand of heal wounds (2)
Scrolls
 l - 2 scrolls of magic mapping
 m - a scroll of amnesia {unknown}
 o - 2 scrolls of remove curse {unknown}
 p - 4 scrolls of identify {unknown}
 q - a scroll of recharging {unknown}
 t - 3 scrolls of teleportation
 u - a scroll of noise {unknown}
 w - a scroll of immolation {unknown}
 C - 2 scrolls of fear {unknown}
 D - a scroll of enchant armour {unknown}
Potions
 x - a potion of resistance {unknown}
 A - a potion of lignification {unknown}
Comestibles
 f - 4 bread rations
 B - a royal jelly


   Skills:
 * Level 4.1 Fighting
 - Level 2.1(2.7) Axes
 * Level 2.4(2.7) Maces & Flails
 + Level 3.8 Armour
 * Level 4.8 Shields


You had 4 spell levels left.
You didn't know any spells.

Dungeon Overview and Level Annotations

Branches:
Dungeon (4/15)
 Temple: D:4-7

Altars:
Qazlal
Ru


Innate Abilities, Weirdness & Mutations

You are resistant to damage.
You can recharge devices by infusing magical energy.
You passively map a small area around you.
You do not heal naturally.


Message History

The worker ant is almost dead.
The orc priest barely misses you. Something hits you but does no damage.
The worker ant waves its antennae.
You block the worker ant's attack.
You hit the worker ant.
You kill the worker ant!
Something hits you but does no damage. You block the orc priest's attack.
Something hits you but does no damage. You block the orc priest's attack.
You see here a worker ant corpse.
You block the orc priest's attack.
You hear some strange, mumbled words.
You are confused.
The orc priest hits you with a falchion.
* * * LOW HITPOINT WARNING * * *
An orc wizard appears from thin air!
Reactivating autopickup.
The orc wizard barely misses you.
The orc priest mumbles some strange prayers to Beogh against you.
Something smites you!
You die...

,* #....,....#..##..............
,**##....###......##....(........
,,,.........................###..
,*,........$.....................
,*,.......).................###..
***#...................#....##...
##....#..................#....
#......)....oo..†.#.....<....
****#.#####.....@..##........####
*,,,#,*...................#..#***
*,,,*,#.#.....<.....#..........,*
*,,,*,,,#.#.........##.####..##.#
*,,,*,*#..#.........##...,...#*,#
*,,,,,#..##.........###.#*....,,*
*,,,,,...............,*..#.....,,
*,,,,,***####.........,*,***,,,,,
,,,,,,,** **,,,,,,,,,*,***,,,,,


You could see an orc priest and an orc wizard.

Vanquished Creatures
  An orc priest (D:4)
  2 worker ants (D:4)
  4 gnolls (D:2)
  7 adders
  6 orcs
  2 hobgoblins (D:1)
  3 jackals (D:3)
  3 kobolds
  A quokka (D:2)
  2 ball pythons
  3 bats
  6 giant newts
  3 goblins
  A quokka skeleton (D:4)
  9 rats
53 creatures vanquished.

Notes
Turn   | Place    | Note
--------------------------------------------------------------
     0 | D:1      | Kragnog the Deep Dwarf Fighter began the quest for the Orb.
     0 | D:1      | Reached XP level 1. HP: 20/20 MP: 1/1
   645 | D:1      | Reached XP level 2. HP: 24/27 MP: 2/2
  1172 | D:2      | Reached skill level 1 in Axes
  1172 | D:2      | Reached XP level 3. HP: 26/34 MP: 3/3
  1180 | D:2      | Reached skill level 4 in Shields
  1250 | D:2      | Reached XP level 4. HP: 24/42 MP: 4/4
  1663 | D:3      | Found a sacrificial altar of Ru.
  2085 | D:3      | Found a stormy altar of Qazlal.
  2094 | D:3      | Reached XP level 5. HP: 43/50 MP: 5/5
  2359 | D:4      | Killed from afar by an orc priest

Vault maps used:
D:1:      nicolae_arrival_washed_ashore, corexii_leaking_fountain
D:2:      first_bread
D:3:      nicolae_ru_sacrificial_ziggurat, nicolae_qazlal_general_emergency

Action                   |  1- 3 |  4- 6 || total
-------------------------+-------+-------++-------
Melee: Flail             |    30 |       ||    30
       Hand axe          |    58 |       ||    58
       Whip              |     8 |   213 ||   221
Evoke: Wand              |       |     3 ||     3
  Use: Scroll            |     1 |     3 ||     4
       Potion            |     3 |     4 ||     7
  Eat: Bread ration      |       |     1 ||     1
       Royal jelly       |       |     1 ||     1
